 Dungeon Crawl Stone Soup version 0.29-a0-194-g6e3aafee17 (webtiles) character file.

Game seed: 10950012048308963603

81928 Zeldest the Summoner (level 15, -6/124 HPs)
             Began as a Mummy Summoner on Feb 23, 2022.
             Was a Follower of Yredelemnul.
             Killed by divine providence
             ... invoked by an orc high priest
              (9 damage)
             ... on level 2 of the Orcish Mines.
             The game lasted 01:48:56 (34779 turns).

Zeldest the Summoner (Mummy Summoner)              Turns: 34779, Time: 01:48:56

Health: -6/124     AC:  7    Str: 12    XL:     15   Next: 28%
Magic:  18/30      EV: 12    Int: 22    God:    Yredelemnul [*.....]
Gold:   1795       SH:  0    Dex: 12    Spells: 7/23 levels left

rFire   . . .      SeeInvis .   a - +3 demon whip (venom)
rCold   + + .      Faith    .   (no shield)
rNeg    + + +      Spirit   .   u - +2 robe {rC+ rF+}
rPois   ∞          Reflect  .   d - +1 helmet
rElec   .          Harm     .   (no cloak)
rCorr   .          Rampage  .   (no gloves)
Will    +....                   j - +0 pair of boots
Stlth   ++........              K - amulet of the acrobat
HPRegen 0.30/turn               y - ring of magical power
MPRegen 0.22/turn               C - +4 ring of slaying

@: no status effects
A: cold resistance 1, negative energy resistance 3, torment resistance 2, heat
vulnerability 1, in touch with death 1, no potions
a: Renounce Religion, Recall Undead Harvest


You were on level 2 of the Orcish Mines.
You worshipped Yredelemnul.
Yredelemnul was aware of your devotion.
You visited 4 branches of the dungeon, and saw 20 of its levels.
You also visited: Sewer, Gauntlet and Volcano.

You collected 2213 gold pieces.
You spent 418 gold pieces at shops.

Inventory:

Hand Weapons
 a - a +3 demon whip of venom (weapon)
 r - a +3 dagger of chaos
Missiles
 l - 3 curare-tipped darts
 o - 2 throwing nets
Armour
 d - a +1 helmet (worn)
 j - a +0 pair of boots (worn)
 u - a +2 robe of resistance (worn)
 A - a +2 pair of boots of rampaging
Magical Staves
 c - a staff of fire
Jewellery
 i - a ring of protection from cold
 n - a ring of ice
 y - a ring of magical power (left hand)
 B - a ring of flight
 C - a +4 ring of slaying (right hand)
 K - an amulet of the acrobat (around neck)
Wands
 f - a wand of polymorph (8)
 m - a wand of iceblast (17)
 p - a wand of flame (35)
 s - a wand of digging (2)
 t - a wand of paralysis (6)
Scrolls
 b - 11 scrolls of identify
 e - 2 scrolls of enchant armour
 g - 2 scrolls of amnesia
 h - 2 scrolls of immolation
 q - 2 scrolls of vulnerability
 E - 2 scrolls of noise
 F - 5 scrolls of fog
 G - a scroll of magic mapping
 I - 2 scrolls of acquirement
Miscellaneous
 w - a box of beasts (inert)
 z - a condenser vane (inert)


   Skills:
 + Level 13.3 Fighting
 + Level 9.9 Maces & Flails
 - Level 1.5 Dodging
 - Level 1.5 Stealth
 + Level 4.6 Spellcasting
 - Level 6.9 Hexes
 + Level 14.7 Summonings
 + Level 8.7 Invocations
 - Level 3.6 Evocations


You had 7 spell levels left.
You knew the following spells:

 Your Spells              Type           Power      Damage    Failure   Level
a - Summon Cactus Giant   Summ           31%        N/A       3%          6
b - Summon Mana Viper     Hex/Summ       51%        N/A       3%          5
d - Call Imp              Summ           63%        N/A       1%          2
f - Call Canine Familiar  Summ           63%        N/A       1%          3

Your spell library contained the following spells:

 Spells                   Type           Power      Damage    Failure   Level
 Summon Small Mammal      Summ           100%       N/A       1%          1
 Summon Guardian Golem    Hex/Summ       51%        N/A       1%          3
 Animate Armour           Summ/Erth      74%        N/A       4%          4
 Summon Ice Beast         Ice/Summ       37%        N/A       4%          4
 Summon Lightning Spire   Summ/Air       37%        N/A       4%          4
 Dazzling Flash           Conj/Hex       40%        N/A       8%          3
 Magic Dart               Conj           20%        1d4       11%         1
 Summon Forest            Summ/Tloc      18%        N/A       14%         5
 Blink                    Tloc           10%        N/A       16%         2
 Searing Ray              Conj           10%        2d4       16%         2
 Fulminant Prism          Conj/Hex       10%        3d9       26%         4
 Leda's Liquefaction      Hex/Erth       10%        N/A       26%         4
 Frozen Ramparts          Ice            10%        1d3       32%         3
 Ozocubu's Armour         Ice            5%         N/A       32%         3
 Stone Arrow              Conj/Erth      10%        3d7       32%         3
 Metabolic Englaciation   Hex/Ice        10%        N/A       56%         5
 Dispel Undead            Necr           7%         3d8       71%         4
 Iskenderun's Mystic Bla  Conj/Tloc      5%         2d3       71%         4
 Petrify                  Tmut/Erth      5%         N/A       71%         4
 Irradiate                Conj/Tmut      2%         3d14      96%         5
 Lee's Rapid Deconstruct  Erth           2%         3d6*      96%         5
 Manifold Assault         Tloc           5%         N/A       96%         5
 Simulacrum               Ice/Necr       3%         N/A       100%        6
 Starburst                Conj/Fire      2%         6d3       100%        6
 Lehudib's Crystal Spear  Conj/Erth      2%         10d2      100%        8
 Sublimation of Blood     Necr           Unusable   N/A       N/A         2
 Statue Form              Tmut/Erth      Unusable   N/A       N/A         6
 Storm Form               Tmut/Air       Unusable   N/A       N/A         7

Dungeon Overview and Level Annotations

Branches:
Dungeon (11/15)            Temple (1/1) D:7            Lair (6/6) D:10
  Swamp (0/4) Lair:2        Snake (0/4) Lair:2        Slime (0/5) Lair:5
    Orc (2/2) D:11            Elf (0/3) Orc:2         Sewer (visited)
Volcano (visited)         Gauntlet (visited)

Altars:
Ashenzari
Cheibriados
Dithmenos
Elyvilon
Fedhas
Gozag
Hepliaklqana
Kikubaaqudgha
Makhleb
Nemelex Xobeh
Okawaru
Qazlal
Ru
Sif Muna
Trog
Uskayaw
Vehumet
Wu Jian
Xom
Yredelemnul
Zin
The Shining One
Beogh
Jiyva

Shops:
D:2 !   D:9 :   Orc:1 *

Annotations:
Lair:6 exclusion: oklob plant


Innate Abilities, Weirdness & Mutations

You are immune to poison.
Your flesh is cold resistant. (rC+)
You are immune to negative energy. (rN+++)
You are immune to unholy pain and torment.
You are vulnerable to heat. (rF-)
You are in touch with the powers of death.
You do not drink.


Message History

The arrow burns your bound seven-headed hydra.
Nessos shoots an arrow.
The arrow completely misses you. The sun demon hits your mana viper!!
Your mana viper is engulfed in flames!
The orc high priest hits your orc warrior zombie with a +0 scimitar.
Your orc warrior zombie hits the orc high priest!
You hear a shout!
You hear a shout!
Nessos gestures wildly while chanting.
Nessos blinks!
The sun demon hits your mana viper!!
Your mana viper dies!
Your mana viper disappears in a puff of smoke!
The orc high priest hits your orc warrior zombie with a +0 scimitar!
Your orc warrior zombie is destroyed!
You can no longer trade souls for undead servants.
Aiming: Iceblast
Press: ? - help, Shift-Dir - straight line, f - sun demon, p - Nessos
Aim: a sun demon (blue smoke, summoned)
The mass of ice explodes!
The iceblast engulfs the sun demon.
The sun demon is frozen!
The sun demon is lightly wounded.
The iceblast engulfs the orc high priest!!
The orc high priest is almost dead.
You hear a shout!
Nessos shoots an arrow.
The arrow hits your bound seven-headed hydra!
The arrow burns your bound seven-headed hydra.
Your bound seven-headed hydra bites Nessos.
Your bound seven-headed hydra drains Nessos.
Your bound seven-headed hydra bites Nessos but does no damage.
Your bound seven-headed hydra bites Nessos.
Your bound seven-headed hydra closely misses Nessos.
Your bound seven-headed hydra bites Nessos.
Your bound seven-headed hydra bites Nessos!
Your bound seven-headed hydra is freed.
Nessos's soul is now yours.
An orc warrior comes into view. It is wielding a +0 battleaxe.
The orc high priest calls down the wrath of Beogh upon you.
Beogh smites you!
You die...
Yredelemnul claims you as an undead slave.

.....# ......
######...... ......####
#.#.........
.......#.###...........
........#.#...........
#........#...)..# .
#.......).....### .
#..........#.# ..
##..@....)))### ..
#.§.§<.#....#.#####..
#..3§.###......#.....
#.§.§.# #...........>
#..o..####.....)..)...
.o...§## #...).))..)...
....Z.. ###...........
......# #..........#
..... ###..#...###


You could see an orc high priest (ally target), a sun demon (summoned), an orc
warrior and the friendly Nessos the bound centaur.

Vanquished Creatures
  An orc warlord (Orc:2)
  2 hydras
  A centaur warrior (D:9)
  3 boulder beetles
  A two-headed ogre (D:9)
  A death yak (Lair:6)
  An orc high priest (Orc:2)
  Nergalle (Lair:2)
  An orc knight (Orc:1)
  A deep elf pyromancer (D:9)
  A manticore (D:9)
  An orc sorcerer (Orc:1)
  6 elephants
  2 black mambas
  An orange demon (D:8)
  Maggie (D:9)
  8 cane toads
  3 komodo dragons
  3 polar bears (Lair:4)
  A queen bee (Gauntlet)
  A hornet (D:8)
  2 trolls
  4 dream sheep (Lair:6)
  7 blink frogs
  A shadow (D:9)
  2 nameless horrors
  4 wyverns
  19 yaks
  4 vampire mosquitoes
  A steam dragon (D:9)
  A warg (Orc:1)
  2 swamp worms
  Menkaure (D:7)
  A naga (Lair:2)
  15 water moccasins
  8 orc warriors
  A black bear (D:5)
  10 wolves
  2 ogres
  3 centaurs (D:9)
  A phantom (D:6)
  A kobold brigand (Sewer)
  18 bullfrogs
  A gnoll sergeant (D:8)
  A wyvern zombie (D:6)
  5 scorpions
  7 killer bees
  5 wights
  4 electric eels
  4 howler monkeys
  A bullfrog zombie (D:5)
  3 centaur zombies
  2 hounds
  2 jellies
  A gnoll shaman (D:9)
  7 orc priests
  An iguana (D:5)
  7 orc wizards
  A killer bee zombie (D:8)
  A howler monkey zombie (D:9)
  3 gnolls
  A howler monkey skeleton (D:4)
  7 adders
  2 white imps
  An orc zombie (Orc:1)
  An adder skeleton (D:4)
  28 orcs
  6 ball pythons
  4 bats
  An endoplasm (Sewer)
  3 giant cockroaches
  3 goblins
  3 hobgoblins
  7 kobolds
  3 quokkas
  3 frilled lizards
  9 rats
  A butterfly (Lair:5)
288 creatures vanquished.

Vanquished Creatures (collateral kills)
  The ghost of Caath the Blocker, a journeyman DrFi of Okawaru (Lair:5)
  A minotaur (Gauntlet)
  Fannar (Orc:1)
  6 hydras
  Erica (Orc:1)
  3 two-headed ogres
  A catoblepas (Lair:4)
  4 death yaks (Lair:6)
  A dancing weapon (Lair:5)
  A hell hog (Gauntlet)
  2 orc high priests
  Urug (D:11)
  Sonja (D:11)
  A deep elf pyromancer (D:9)
  A shining eye (D:8)
  An oklob plant (Lair:6)
  2 orc sorcerers
  An orc knight (Orc:2)
  2 manticores (D:11)
  A cyclops (D:9)
  17 elephants
  A toenail golem (Volcano)
  5 black mambas
  2 molten gargoyles (Volcano)
  15 cane toads
  A minotaur zombie (Gauntlet)
  2 nameless horrors
  2 rime drakes
  3 komodo dragons
  Psyche (D:8)
  2 trolls (D:9)
  5 polar bears
  4 tyrant leeches
  12 blink frogs
  3 dream sheep (Lair:6)
  2 wraiths (D:9)
  24 yaks
  4 wyverns
  3 fire bats (Gauntlet)
  4 basilisks
  A steam dragon (D:7)
  9 vampire mosquitoes
  2 wargs
  3 nagas (Lair:2)
  2 swamp worms (Gauntlet)
  11 water moccasins
  2 acid dragons (D:9)
  3 hell hounds (Gauntlet)
  A black bear (D:6)
  11 orc warriors
  A necrophage (D:5)
  12 wolves
  4 ogres
  5 centaurs
  2 kobold brigands
  13 bullfrogs
  A wyvern zombie (D:5)
  3 earth elementals (Volcano)
  A wyvern skeleton (D:7)
  A water moccasin skeleton (D:7)
  4 killer bees
  2 wights
  3 howler monkeys
  2 electric eels
  2 bullfrog zombies
  3 centaur zombies
  10 orc priests
  A jelly (D:8)
  A gnoll shaman (D:5)
  An iguana (D:5)
  7 orc wizards
  A killer bee zombie (D:7)
  A howler monkey zombie (D:9)
  4 adders
  9 gnolls
  A howler monkey skeleton (D:4)
  3 worms
  A dart slug (D:2)
  36 orcs
  8 ball pythons
  6 endoplasms
  2 giant cockroaches
  4 hobgoblins
  4 quokkas
  3 bats
  2 frilled lizards
  8 kobolds
  2 rats (D:1)
  A butterfly (D:7)
365 creatures vanquished.

Vanquished Creatures (others)
  A spectral hydra (Lair:5)
  A swamp worm zombie (Gauntlet)
  A spectral tyrant leech (Lair:6)
  2 black mamba zombies
  3 spectral fire bats (Gauntlet)
  3 two-headed ogre zombies
  7 cane toad zombies
  An elf zombie (D:9)
  5 blink frog zombies
  4 dream sheep zombies (Lair:6)
  An elephant zombie (Lair:6)
  2 vampire mosquito zombies
  A hell hound zombie (Gauntlet)
  A wyvern zombie (Lair:6)
  5 water moccasin zombies
  A warg zombie (Orc:1)
  9 yak zombies
  A troll zombie (D:9)
  6 wolf zombies
  7 bullfrog zombies
  4 centaur zombies (D:9)
  2 basilisk zombies (Lair:2)
  An orc wizard (D:7)
  3 killer bee zombies
  A human zombie (D:9)
  2 acid dragon zombies (D:9)
  A howler monkey zombie (D:9)
  A spectral white imp (D:8)
  24 orc zombies
  113 fungi
  206 plants
420 creatures vanquished.

Grand Total: 1073 creatures vanquished

Notes
Turn   | Place    | Note
-------+----------+-------------------------------------------
     0 | D:1      | Zeldest the Mummy Summoner began the quest for the Orb.
     0 | D:1      | Reached XP level 1. HP: 13/13 MP: 4/4
    81 | D:1      | Reached skill level 1 in Fighting
    86 | D:1      | Reached XP level 2. HP: 9/21 MP: 0/5
   249 | D:1      | Learned a level 2 spell: Call Imp
  1084 | D:2      | Reached XP level 3. HP: 18/27 MP: 2/7
  1294 | D:2      | Found Qadyer's Distillery.
  1681 | D:2      | Learned a level 3 spell: Call Canine Familiar
  1696 | D:2      | Reached skill level 4 in Summonings
  1707 | D:2      | Found a faded altar of an unknown god.
  1872 | D:2      | Reached XP level 4. HP: 24/34 MP: 5/8
  2858 | D:3      | Reached XP level 5. HP: 9/41 MP: 4/9
  4121 | D:4      | Found a broken altar of Ashenzari.
  4313 | D:4      | Found a glowing drain.
  4337 | Sewer    | Entered a sewer
  4482 | Sewer    | Reached XP level 6. HP: 40/48 MP: 4/10
  4585 | Sewer    | Reached skill level 5 in Summonings
  5255 | D:4      | Noticed a wyvern
  5273 | D:4      | Killed a wyvern
  5274 | D:4      | Reached skill level 5 in Fighting
  5274 | D:4      | Reached XP level 7. HP: 54/56 MP: 3/11
  5540 | D:4      | Reached skill level 1 in Evocations
  6391 | D:5      | Entered Level 5 of the Dungeon
  6478 | D:5      | Reached skill level 6 in Summonings
  7100 | D:5      | Reached XP level 8. HP: 48/64 MP: 7/12
  8209 | D:6      | Found a shimmering altar of Xom.
  8296 | D:6      | Found a hazy altar of Hepliaklqana.
  8557 | D:6      | Reached skill level 7 in Summonings
  8662 | D:6      | Reached XP level 9. HP: 69/72 MP: 6/13
  9959 | D:7      | Reached skill level 8 in Summonings
 10188 | D:7      | Found a staircase to the Ecumenical Temple.
 10199 | Temple   | Entered the Ecumenical Temple
 10672 | D:7      | Noticed Menkaure
 10684 | D:7      | Killed Menkaure
 10782 | D:8      | Noticed Psyche
 10801 | D:8      | Killed Psyche
 10911 | D:8      | Found a basalt altar of Yredelemnul.
 10964 | D:8      | Became a worshipper of Yredelemnul the Dark
 11027 | D:8      | Noticed Amaemon
 11028 | D:8      | Noticed Amaemon
 11028 | D:8      | Amaemon changed into Amaemon the shining eye
 11028 | D:8      | Noticed an orange demon
 11102 | D:8      | Killed an orange demon
 11103 | D:8      | Reached * piety under Yredelemnul
 11103 | D:8      | Reached XP level 10. HP: 60/84 MP: 10/14
 11109 | D:8      | Killed Amaemon the shining eye
 11110 | D:8      | Reached skill level 9 in Summonings
 11133 | D:8      | Reached skill level 10 in Fighting
 11166 | D:8      | Reached ** piety under Yredelemnul
 11331 | D:8      | Found a sparkling altar of Nemelex Xobeh.
 11460 | D:8      | Reached skill level 1 in Maces & Flails
 11485 | D:8      | Found a sacrificial altar of Ru.
 11488 | D:8      | Found a burning altar of Makhleb.
 11523 | D:8      | You fall into a shaft and drop 1 floor!
 11523 | D:9      | Found Kookheomp's Book Boutique.
 11525 | D:9      | Bought a book of the Wilderness for 418 gold pieces
 11532 | D:9      | Learned a level 6 spell: Summon Cactus Giant
 11542 | D:10     | Entered Level 10 of the Dungeon
 11894 | D:9      | Noticed a two-headed ogre
 13053 | D:9      | Killed a two-headed ogre
 13054 | D:9      | Reached skill level 10 in Summonings
 13411 | D:9      | Noticed Maggie
 13422 | D:9      | Killed Maggie
 13423 | D:9      | Reached XP level 11. HP: 86/92 MP: 15/15
 13666 | D:9      | Noticed a deep elf pyromancer
 13666 | D:9      | Noticed a centaur warrior
 13679 | D:9      | Killed a centaur warrior
 13694 | D:9      | Killed a deep elf pyromancer
 13949 | D:9      | Noticed a deep elf pyromancer
 13960 | D:9      | Noticed a boulder beetle
 13965 | D:9      | Your ally Maggie died
 13983 | D:9      | Killed a boulder beetle
 13985 | D:9      | Noticed a two-headed ogre
 13993 | D:9      | Killed a two-headed ogre
 14046 | D:9      | HP: 4/93 [centaur/+0 short sword (6)]
 14046 | D:9      | HP: 1/93 [centaur/+0 short sword (3)]
 14490 | D:9      | Reached skill level 11 in Summonings
 14730 | D:9      | Reached *** piety under Yredelemnul
 16280 | D:9      | Found a blossoming altar of Fedhas.
 16696 | D:9      | Noticed a boulder beetle
 16707 | D:9      | Killed a deep elf pyromancer
 16716 | D:9      | Reached skill level 5 in Maces & Flails
 16751 | D:9      | Killed a boulder beetle
 17140 | D:10     | Noticed a two-headed ogre
 17155 | D:10     | Killed a two-headed ogre
 17431 | D:10     | Reached XP level 12. HP: 102/102 MP: 16/16
 17458 | D:10     | Found a staircase to the Lair.
 17970 | Lair:1   | Entered Level 1 of the Lair of Beasts
 18004 | Lair:1   | Reached skill level 12 in Summonings
 18015 | Lair:1   | Reached **** piety under Yredelemnul
 18197 | Lair:1   | Found a dark tunnel.
 18218 | Lair:1   | Reached ***** piety under Yredelemnul
 18381 | Volcano  | Entered a volcano
 18412 | Volcano  | Reached skill level 1 in Hexes
 18412 | Volcano  | Reached skill level 1 in Invocations
 19003 | Lair:1   | Noticed a six-headed hydra
 19013 | Lair:1   | Killed a six-headed hydra
 19386 | Lair:1   | Noticed an eight-headed hydra
 19394 | Lair:1   | Killed an eight-headed hydra
 20443 | Lair:2   | Found a staircase to the Snake Pit.
 20443 | Lair:2   | Noticed Nergalle
 20460 | Lair:2   | Killed Nergalle
 21385 | Lair:2   | Reached skill level 13 in Summonings
 21717 | Lair:2   | Noticed a six-headed hydra
 21732 | Lair:2   | Noticed a five-headed hydra
 21739 | Lair:2   | Killed a five-headed hydra
 21740 | Lair:2   | Killed a six-headed hydra
 21744 | Lair:2   | Found a staircase to the Swamp.
 21835 | Lair:3   | Gained mutation: You are in touch with the powers of death.
                  | [Mummy growth]
 21835 | Lair:3   | Reached XP level 13. HP: 108/108 MP: 4/17
 22180 | Lair:3   | Reached ****** piety under Yredelemnul
 22255 | Lair:3   | Learned a level 5 spell: Summon Mana Viper
 22262 | Lair:3   | Found a gate leading to a gauntlet.
 22426 | Gauntlet | Entered a Gauntlet
 22426 | Gauntlet | Found a transporter.
 22426 | Gauntlet | Found a transporter.
 22591 | Gauntlet | Found a transporter.
 22592 | Gauntlet | Found a transporter.
 22608 | Gauntlet | Found a transporter.
 22608 | Gauntlet | Found a transporter.
 22621 | Gauntlet | Found a transporter.
 22642 | Gauntlet | Found a transporter.
 22642 | Gauntlet | Noticed a green death
 22659 | Gauntlet | Found a transporter.
 22663 | Gauntlet | Found a transporter.
 22665 | Gauntlet | Found a runed translucent gate.
 22665 | Gauntlet | Found a runed translucent gate.
 22665 | Gauntlet | Found a runed translucent gate.
 22666 | Gauntlet | Found a large runed translucent door.
 22666 | Gauntlet | Found a large runed translucent door.
 22667 | Gauntlet | Found a large runed translucent door.
 22668 | Gauntlet | Found a large runed translucent door.
 22669 | Gauntlet | Found a large runed translucent door.
 22669 | Gauntlet | Found a large runed translucent door.
 22669 | Gauntlet | Found a runed translucent door.
 22669 | Gauntlet | Found a runed translucent door.
 22670 | Gauntlet | Found a large runed translucent door.
 22671 | Gauntlet | Found a large runed translucent door.
 22673 | Gauntlet | Found a transporter.
 22677 | Gauntlet | Found a transporter.
 22713 | Gauntlet | Found a large runed translucent door.
 22714 | Gauntlet | Found a large runed translucent door.
 22715 | Gauntlet | Found a large runed translucent door.
 22715 | Gauntlet | Found a large runed translucent door.
 22716 | Gauntlet | Found a large runed translucent door.
 22717 | Gauntlet | Found a large runed translucent door.
 22718 | Gauntlet | Found a large runed translucent door.
 22718 | Gauntlet | Found a large runed translucent door.
 23227 | Gauntlet | Identified the amulet "Xedwum" {RegenMP *Corrode rElec
                  | Str-3 Dex+8}
 23401 | Gauntlet | Noticed a minotaur
 23414 | Gauntlet | Killed a minotaur
 23415 | Gauntlet | Reached skill level 5 in Hexes
 23415 | Gauntlet | Reached skill level 5 in Invocations
 23742 | Gauntlet | Got the Grimoire of Congealing Black Rites
 25792 | Lair:4   | Identified a scroll of acquirement
 27066 | Lair:5   | Reached XP level 14. HP: 112/115 MP: 18/18
 27083 | Lair:5   | Found a viscous altar of Jiyva.
 27083 | Lair:5   | Found a staircase to the Slime Pits.
 27417 | Lair:5   | Found a runed translucent door.
 27417 | Lair:5   | Found a shimmering altar of Xom.
 27417 | Lair:5   | Noticed Caath's ghost (journeyman DrFi)
 28512 | Lair:5   | Killed Caath's ghost
 28832 | Lair:6   | Entered Level 6 of the Lair of Beasts
 28897 | Lair:6   | Reached skill level 14 in Summonings
 31097 | Lair:6   | Identified the +0 ring mail of Sawnanaf {rN+ Int-3 Stlth+}
 31909 | D:11     | Noticed Sonja
 31917 | D:11     | Killed Sonja
 32337 | D:11     | Noticed Urug
 32352 | D:11     | Killed Urug
 32353 | D:11     | Reached XP level 15. HP: 92/123 MP: 20/21
 32516 | D:11     | Found a staircase to the Orcish Mines.
 33415 | Orc:1    | Entered Level 1 of the Orcish Mines
 33418 | Orc:1    | Found Joiss's Overcharged Wands.
 33445 | Orc:1    | Noticed Fannar
 33461 | Orc:1    | Killed Fannar
 33595 | Orc:1    | Noticed Erica
 33609 | Orc:1    | Killed Erica
 34411 | Orc:2    | Entered Level 2 of the Orcish Mines
 34433 | Orc:2    | Found a staircase to the Elven Halls.
 34513 | Orc:2    | Noticed an orc warlord
 34525 | Orc:2    | Killed an orc warlord
 34769 | Orc:2    | Noticed Nessos
 34773 | Orc:2    | HP: 2/124 [Nessos/arrow (32)]
 34779 | Orc:2    | Killed Nessos
 34779 | Orc:2    | Enslaved Nessos
 34779 | Orc:2    | Killed from afar by an orc high priest

Illustrated notes

Levels and vault maps discovered:
D:1:      minmay_arrival_three_doors, layout_rooms, minmay_tetromino_i4
D:2:      layout_basic, ebering_ecumenical_altar_mist, serial_shops,
          nicolae_shop_advertising_works [nicolae_subvault_shop_adworks]
D:3:      layout_basic
D:4:      layout_loops_corners, cheibrodos_ashenzari_chains,
          portal_sewer_entry_f
D:5:      layout_loops_ring
D:6:      layout_cave_pods, mainiacjoe_overflow_alcove_1,
          mainiacjoe_overflow_paths
D:7:      layout_basic, minmay_temple_entry_butterflies, uniq_menkaure
D:8:      layout_rooms, nemelex_spade_bored_becter, grunt_temple_overflow_open,
          mainiacjoe_overflow_tiny_flanked, serial_curves, eino_curves_03,
          eino_curves_04, eino_curves_01, uniq_psyche, uniq_amaemon
D:9:      minmay_the_grid_3x3 [minmay_the_grid_pillar_ring,
          minmay_the_grid_tiny_cups, minmay_the_grid_minigrid_medium,
          minmay_the_grid_dragon_a, minmay_the_grid_zigzag_pyramid,
          minmay_the_grid_broken_lines, minmay_the_grid_minigrid_small,
          minmay_the_grid_aliased_spiral,
          minmay_the_grid_prize_shrinking_boxes], layout_stronghold,
          mainiacjoe_overflow_24_doors, serial_shops, nicolae_take_the_stairs,
          uniq_maggie
D:10:     layout_roguey, lair_entry_dummy
D:11:     layout_stronghold, minmay_orc_entry_temple_small, uniq_sonja,
          uniq_urug
Temple:   minmay_temple_curvy_branch
Lair:1:   layout_chaotic_city, nicolae_volcano_entry_hallway
Lair:2:   layout_roguey, palyth_hydra_swamp_entry,
          minmay_snake_entry_guardpost_small, serial_bayou_lake_a, uniq_nergalle
Lair:3:   layout_regular_city, gauntlet_entry_generic, beast_lair_carwin_7
Lair:4:   layout_cave_pods, cheibrodos_lair_lostbears, serial_bayou_shore_a
Lair:5:   layout_hall_layers, slime_altar_1, ebering_ghost_xom, st_stairs_12,
          lemuel_fruit_fields
Lair:6:   minmay_lair_end_frog_pond, layout_regular_city
Orc:1:    layout_diamond_mine, basic_altar, nicolae_shop_overcharged_wands,
          uniq_fannar, uniq_erica
Orc:2:    grunt_orc_gardens, layout_diamond_mine, grunt_orc_garden,
          grunt_orc_garden, grunt_orc_garden, grunt_orc_garden, mines4_lemuel,
          uniq_nessos

Skill      XL: |  1  2  3  4  5  6  7  8  9 10 11 12 13 14 15 |
---------------+----------------------------------------------+-----
Fighting       | 1 2 3 4 5 6 7 9 10 11 12 13 | 13.3
Summonings     | 4 5 6 7 8 10 11 13 14 | 14.7
Evocations     | 2 3 |  3.6
Maces & Flails | 3 5 6 8 9 |  9.9
Hexes          | 3 6 |  6.9
Invocations    | 3 6 8 |  8.7
Spellcasting   | 3 4 |  4.6
Dodging        | |  1.5
Stealth        | |  1.5

Action                   |  1- 3 |  4- 6 |  7- 9 | 10-12 | 13-15 || total
-------------------------+-------+-------+-------+-------+-------++-------
Melee: Unarmed           |    19 |       |       |       |       ||    19
       Short sword       |    54 |   179 |   164 |       |       ||   397
       Punch             |       |     2 |     1 |     9 |     6 ||    18
       Demon whip        |       |       |     6 |   480 |   581 ||  1067
 Cast: Summon Small Mamm |    17 |    28 |    35 |    14 |     1 ||    95
       Call Imp          |    17 |    27 |    49 |    13 |    10 ||   116
       Call Canine Famil |       |     1 |    34 |    16 |    23 ||    74
       Summon Cactus Gia |       |       |       |    22 |    50 ||    72
       Summon Mana Viper |       |       |       |       |    42 ||    42
Invok: Recall Undead Har |       |       |       |     8 |    15 ||    23
       Dark Bargain      |       |       |       |     1 |       ||     1
       Bind Soul         |       |       |       |       |     4 ||     4
       Drain Life        |       |       |       |       |     1 ||     1
Evoke: Wand              |       |       |    14 |    27 |    14 ||    55
       Box of beasts     |       |       |       |     1 |     1 ||     2
       Condenser vane    |       |       |       |       |     2 ||     2
  Use: Scroll            |       |       |     8 |    15 |     9 ||    32
 Stab: Sleeping          |     1 |     5 |     1 |     3 |     1 ||    11
       Distracted        |     1 |     2 |     4 |     5 |     8 ||    20
       Paralysed         |       |       |       |    18 |     7 ||    25
Armor: Robe              |    22 |    41 |    15 |    46 |   108 ||   232
       Steam dragon scal |       |       |     3 |    61 |       ||    64
Dodge: Dodged            |    72 |   143 |   122 |   363 |   341 ||  1041
Block: Other             |       |       |       |       |     6 ||     6

Table legend: (Time is in decaauts)
 A = Elapsed time spent in this place.
 B = Non-inter-level travel time spent in this place.
 C = Inter-level travel time spent in this place.
 D = Time resting spent in this place.
 E = Time spent auto-exploring this place.
 F = Levels seen in this place.
 G = Mean time per level.
                   A        B        C        D        E       F      G
               +--------+--------+--------+--------+--------+-----+--------+
         Total |  34661 |  33549 |   1112 |  16817 |   9134 |  23 | 1507.0 |
       Dungeon |  19047 |  18217 |    830 |   8970 |   5703 |  11 | 1731.5 |
        Temple |    252 |    247 |      5 |      0 |    246 |   1 |  252.0 |
          Lair |  11745 |  11524 |    221 |   5766 |   2846 |   6 | 1957.5 |
  Orcish Mines |   1216 |   1162 |     54 |    495 |    262 |   2 |  608.0 |
         Sewer |    545 |    545 |      0 |    221 |     76 |   1 |  545.0 |
       Volcano |    411 |    411 |      0 |    313 |      0 |   1 |  411.0 |
      Gauntlet |   1442 |   1442 |      0 |   1052 |      0 |   1 | 1442.0 |
               +--------+--------+--------+--------+--------+-----+--------+

Top non-repeatable levels by time:
     D:9: 4878 daAuts
  Lair:6: 2375 daAuts
  Lair:5: 2229 daAuts
  Lair:2: 2124 daAuts
     D:3: 1971 daAuts
  Lair:4: 1948 daAuts
     D:4: 1826 daAuts
    D:11: 1764 daAuts
  Lair:3: 1669 daAuts
     D:5: 1567 daAuts
     D:6: 1462 daAuts
Gauntlet: 1442 daAuts
  Lair:1: 1397 daAuts
     D:8: 1247 daAuts
     D:7: 1185 daAuts
